cohdb
Replays
Latest Replays
All Replays
Popular Replays
Top Player Replays
Match Explorer
How It Works
Community
CoH3 Stats
Reddit
Sign in to upload your games and track your stats! →
Sign in with Steam
Match 39603031
Unlisted
Match 39603031
Overview
Messages
Build Orders
End
Engineer Squad
Construct Barracks
Selects Heavy Weapons
Riflemen Squad
Riflemen Squad
Construct Medical Station
Riflemen Squad
Grenade Package
Construct Weapon Support Center
Mechanized Support Center
Construct Motor Pool
M24 Chaffee Light Tank
M1919 Machine Gun Team
Selects Assault Carriers
Selects M2HB .50cal Heavy Machine Gun
M1 Anti-tank Gun Team
Elegant_Downfall
Broly19HS
ForestJun
hinanawi
Kanade
神
请您倾目与我
中国 强
0
0
Comments
sign in to comment!
No comments posted yet!